[Event "XI Paracin Festival 2018"]
[Site "Paracin"]
[Date "2018.07.12"]
[Round "8"]
[White "Ivic, Matija"]
[Black "Tomic, Aleksandar"]
[Result "0-1"]
[ECO "E11"]
[WhiteElo "2245"]
[BlackElo "2347"]
[Annotator "NA"]
[PlyCount "50"]
[EventDate "2018.07.06"]
[EventType "swiss"]
[EventCountry "SRB"]
[SourceTitle "playchess.com"]
[Source "ChessBase"]
[SourceQuality "1"]
[TimeControl "5400+30"]

1. d4 Nf6 2. Nf3 e6 3. c4 Bb4+ 4. Bd2 a5 5. g3 c5 6. Nc3 cxd4 7. Nxd4 Nc6 8. Nc2 d5 9. cxd5 exd5 10. Bg2 O-O 11. O-O h6 12. Bf4 Be6 13. Nxb4 axb4 14. Nb5 Qb6 15. a4 bxa3 16. Nc7 Qxb2 17. Rb1 Qc3 18. Nxa8 Rxa8 19. Rb3 Qc4 20. Rxb7 a2 21. Qa1 Nd4 22. Rb8+ Rxb8 23. Bxb8 Nxe2+ 24. Kh1 d4 25. Qb2 Nd5 0-1

[Event "XI Paracin Festival 2018"]
[Site "Paracin"]
[Date "2018.07.12"]
[Round "8"]
[White "Ninov, Dayan"]
[Black "Pantelic, Sasa"]
[Result "1-0"]
[ECO "B38"]
[WhiteElo "2229"]
[BlackElo "2316"]
[Annotator "NA"]
[PlyCount "75"]
[EventDate "2018.07.06"]
[EventType "swiss"]
[EventCountry "SRB"]
[SourceTitle "playchess.com"]
[Source "ChessBase"]
[SourceQuality "1"]
[TimeControl "5400+30"]

1. e4 c5 2. c4 Nc6 3. Ne2 g6 4. d4 cxd4 5. Nxd4 Bg7 6. Be3 Nf6 7. Nc3 O-O 8. Be2 d6 9. O-O Bd7 10. Qd2 Rc8 11. f3 a6 12. Rfd1 Re8 13. Rab1 Ne5 14. b3 Qc7 15. Rbc1 Qa5 16. Bf1 Nc6 17. a4 Nxd4 18. Bxd4 Be6 19. Qb2 Nh5 20. Bxg7 Nxg7 21. Kh1 Qb4 22. Na2 Qb6 23. Nc3 Nh5 24. Re1 Bxc4 25. Bxc4 Rxc4 26. a5 Qb4 27. Nd5 Rxc1 28. Rxc1 Qxa5 29. Nxe7+ Kf8 30. Nd5 Ng7 31. Nf6 Rd8 32. Nxh7+ Kg8 33. Nf6+ Kf8 34. Nd5 Qb5 35. Qf6 Qe8 36. Qh4 Nh5 37. g4 Rc8 38. Qe7+ 1-0

[Event "XI Paracin Festival 2018"]
[Site "Paracin"]
[Date "2018.07.12"]
[Round "8"]
[White "Parnali, S Dharia"]
[Black "Milosevic, Milos"]
[Result "0-1"]
[ECO "A45"]
[WhiteElo "2170"]
[BlackElo "2315"]
[Annotator "NA"]
[PlyCount "58"]
[EventDate "2018.07.06"]
[EventType "swiss"]
[EventCountry "SRB"]
[SourceTitle "playchess.com"]
[Source "ChessBase"]
[SourceQuality "1"]
[TimeControl "5400+30"]

1. d4 Nf6 2. g3 c5 3. d5 b5 4. Bg2 d6 5. Nd2 g6 6. e4 Nbd7 7. Ne2 Bg7 8. O-O O-O 9. a4 b4 10. h3 a5 11. Re1 Nb6 12. c4 bxc3 13. Nxc3 Ba6 14. Qc2 Rb8 15. Bf1 Bxf1 16. Nxf1 Qd7 17. Kg2 e6 18. dxe6 Qxe6 19. Bf4 Nh5 20. Bd2 Nc4 21. b3 Nxd2 22. Nxd2 Bd4 23. Nc4 f5 24. Rad1 f4 25. Nb5 fxg3 26. Nxd4 Nf4+ 27. Kf3 cxd4 28. fxg3 Qxh3 29. Rh1 Nh5+ 0-1

[Event "XI Paracin Festival 2018"]
[Site "Paracin"]
[Date "2018.07.12"]
[Round "8"]
[White "Uuriintuya, Uurtsaikh"]
[Black "Ikeda, Junta"]
[Result "1-0"]
[ECO "B56"]
[WhiteElo "2158"]
[BlackElo "2437"]
[Annotator "NA"]
[PlyCount "115"]
[EventDate "2018.07.06"]
[EventType "swiss"]
[EventCountry "SRB"]
[SourceTitle "playchess.com"]
[Source "ChessBase"]
[SourceQuality "1"]
[TimeControl "5400+30"]

1. e4 c5 2. Nf3 d6 3. d4 cxd4 4. Nxd4 Nf6 5. Nc3 Bd7 6. Bg5 e6 7. Ndb5 Bc6 8. Bxf6 gxf6 9. Qh5 a6 10. Nd4 Qb6 11. O-O-O Qc5 12. Qh3 Bd7 13. Be2 Nc6 14. Nb3 Qg5+ 15. Kb1 h5 16. g3 h4 17. f4 Qh6 18. Qg2 Be7 19. Rhg1 hxg3 20. hxg3 Qf8 21. Qf2 Bd8 22. Na4 Bc7 23. Nb6 Rd8 24. Nd2 Ne7 25. Ndc4 Bc6 26. Bf3 f5 27. exf5 Nxf5 28. Bxc6+ bxc6 29. Na4 d5 30. Qa7 Qe7 31. Ne3 Bd6 32. Qb6 Nxe3 33. Qxe3 Rb8 34. Qc3 Kd7 35. Rh1 Rxh1 36. Rxh1 Rb4 37. b3 Kc7 38. Rh7 e5 39. a3 Re4 40. Qa5+ Kd7 41. f5 Qf8 42. Qxa6 Re1+ 43. Ka2 e4 44. Qb7+ Bc7 45. Nb6+ Kd6 46. Nc4+ dxc4 47. Qb4+ c5 48. Qxe1 cxb3+ 49. cxb3 Qe8 50. Rh4 Kd5 51. Qd2+ Kc6 52. Rh6+ Kb7 53. Qd5+ Kc8 54. Qa8+ Kd7 55. Qa4+ Kd8 56. Qxe8+ Kxe8 57. Rh4 Bxg3 58. Rxe4+ 1-0

[Event "XI Paracin Festival 2018"]
[Site "Paracin"]
[Date "2018.07.13"]
[Round "9"]
[White "Savic, Miodrag R"]
[Black "Avalyan, Artur"]
[Result "1/2-1/2"]
[ECO "C07"]
[WhiteElo "2541"]
[BlackElo "2315"]
[Annotator "RC"]
[PlyCount "46"]
[EventDate "2018.07.06"]
[EventType "swiss"]
[EventCountry "SRB"]
[SourceTitle "playchess.com"]
[Source "ChessBase"]
[SourceQuality "1"]
[TimeControl "5400+30"]

1. e4 e6 2. d4 d5 3. Nd2 c5 4. dxc5 Nf6 5. exd5 Qxd5 6. Ngf3 Qxc5 7. Bd3 Nbd7 8. O-O Qc7 9. Qe2 Be7 10. Ne4 b6 11. Neg5 O-O 12. b4 Bb7 13. Bb2 h6 14. Nxe6 fxe6 15. Qxe6+ Rf7 16. Bc4 Raf8 17. Nh4 b5 18. Bb3 Bxb4 19. Ng6 Nc5 20. Ne7+ Kh8 21. Ng6+ Kg8 22. Ne7+ Kh8 23. Ng6+ Kg8 1/2-1/2

[Event "XI Paracin Festival 2018"]
[Site "Paracin"]
[Date "2018.07.13"]
[Round "9"]
[White "Lorparizangeneh, Shahin"]
[Black "Tan, Justin"]
[Result "1/2-1/2"]
[ECO "A06"]
[WhiteElo "2493"]
[BlackElo "2481"]
[Annotator "RC"]
[PlyCount "42"]
[EventDate "2018.07.06"]
[EventType "swiss"]
[EventCountry "SRB"]
[SourceTitle "playchess.com"]
[Source "ChessBase"]
[SourceQuality "1"]
[TimeControl "5400+30"]

1. Nf3 d5 2. g3 c6 3. Bg2 g6 4. O-O Bg7 5. d4 Nf6 6. c3 O-O 7. Re1 Ne4 8. Bf4 Qb6 9. Qb3 Nd7 10. Nbd2 Nxd2 11. Nxd2 e5 12. dxe5 Nxe5 13. Bxe5 Bxe5 14. e4 dxe4 15. Nc4 Qxb3 16. axb3 Bc7 17. Rxe4 Be6 18. b4 Rfd8 19. Bf1 Kf8 20. Ree1 a6 21. Rad1 Rxd1 1/2-1/2

[Event "XI Paracin Festival 2018"]
[Site "Paracin"]
[Date "2018.07.13"]
[Round "9"]
[White "Milanovic, Danilo"]
[Black "Martic, Ivan"]
[Result "0-1"]
[ECO "A48"]
[WhiteElo "2471"]
[BlackElo "2375"]
[Annotator "ChessBase"]
[PlyCount "60"]
[EventDate "2018.07.06"]
[EventType "swiss"]
[EventCountry "SRB"]
[SourceTitle "playchess.com"]
[Source "ChessBase"]
[SourceQuality "1"]
[TimeControl "5400+30"]

1. d4 Nf6 2. Nf3 g6 3. Bf4 Bg7 4. e3 d6 5. h3 O-O 6. Be2 Nbd7 7. O-O Qe8 8. Bh2 e5 9. c4 Ne4 10. Re1 Qe7 11. Bf1 Kh8 12. Nbd2 Nxd2 13. Nxd2 f5 14. Rc1 b6 15. Nb1 Bb7 16. Nc3 Rae8 17. Qd2 a5 18. a3 g5 19. b4 axb4 20. axb4 f4 21. exf4 gxf4 22. c5 bxc5 23. bxc5 dxc5 24. dxe5 Bxe5 25. Rcd1 Bc6 26. Nd5 Qd6 27. Qa2 f3 28. Bxe5+ Rxe5 29. Ne3 Qe6 30. g3 Qxa2 0-1

[Event "XI Paracin Festival 2018"]
[Site "Paracin"]
[Date "2018.07.13"]
[Round "9"]
[White "Kosic, Dragan"]
[Black "Uuriintuya, Uurtsaikh"]
[Result "1-0"]
[ECO "E91"]
[WhiteElo "2463"]
[BlackElo "2158"]
[Annotator "ChessBase"]
[PlyCount "119"]
[EventDate "2018.07.06"]
[EventType "swiss"]
[EventCountry "SRB"]
[SourceTitle "playchess.com"]
[Source "ChessBase"]
[SourceQuality "1"]
[TimeControl "5400+30"]

1. d4 Nf6 2. Nf3 g6 3. c4 Bg7 4. Nc3 O-O 5. e4 d6 6. Be2 Na6 7. O-O e5 8. Be3 Ng4 9. Bg5 Qe8 10. h3 exd4 11. Nxd4 Nf6 12. Bd3 Nc5 13. Re1 Ne6 14. Be3 Bd7 15. Nf3 a6 16. a4 c5 17. a5 Bc6 18. Bc2 Qd8 19. Qd2 b5 20. axb6 Qxb6 21. Nd5 Qb7 22. Ra2 Rfe8 23. Rb1 Nf8 24. Bh6 N8d7 25. Bxg7 Kxg7 26. Qc3 Bxd5 27. cxd5 Qb4 28. Nd2 a5 29. Rba1 Nb6 30. f3 Re7 31. Ba4 Rb8 32. Bc6 a4 33. Qxb4 cxb4 34. Bxa4 Nxa4 35. Rxa4 Rc7 36. b3 Rc3 37. Ra6 Rd3 38. R1a2 Ne8 39. Kf2 h6 40. h4 f5 41. Ra7+ Kf6 42. Ke2 Rc3 43. Ra8 Rcc8 44. Rxb8 Rxb8 45. Nc4 fxe4 46. fxe4 g5 47. hxg5+ Kxg5 48. Kd3 h5 49. Ra6 Rd8 50. Rb6 Kf4 51. Rxb4 Nf6 52. Rb7 Ng4 53. Rh7 Rb8 54. Rxh5 Rxb3+ 55. Kd4 Rb4 56. Rf5+ Kg3 57. Kc3 Ra4 58. Nxd6 Kxg2 59. Nc4 Nf2 60. Kd4 1-0

[Event "XI Paracin Festival 2018"]
[Site "Paracin"]
[Date "2018.07.13"]
[Round "9"]
[White "Arsovic, Zoran"]
[Black "Ninov, Dayan"]
[Result "1-0"]
[ECO "A06"]
[WhiteElo "2436"]
[BlackElo "2229"]
[Annotator "NA"]
[PlyCount "97"]
[EventDate "2018.07.06"]
[EventType "swiss"]
[EventCountry "SRB"]
[SourceTitle "playchess.com"]
[Source "ChessBase"]
[SourceQuality "1"]
[TimeControl "5400+30"]

1. Nf3 d5 2. g3 Nf6 3. Bg2 c6 4. O-O Bf5 5. c4 e6 6. cxd5 exd5 7. d3 Be7 8. Qb3 Qb6 9. Qc2 h6 10. Nc3 O-O 11. e4 Bh7 12. Be3 Qa6 13. Rfd1 Nbd7 14. a3 Bc5 15. Bf4 Rfe8 16. b4 Bf8 17. exd5 cxd5 18. Qb3 Bd6 19. Be3 Rad8 20. Bd4 Ne5 21. b5 Qa5 22. Nxe5 Bxe5 23. Bxe5 Rxe5 24. d4 Re7 25. Nxd5 Nxd5 26. Bxd5 Red7 27. Bf3 Rxd4 28. Rxd4 Rxd4 29. Bxb7 Bg6 30. Bc6 Rd2 31. Qb4 Qd8 32. Re1 Rd1 33. Kg2 Rxe1 34. Qxe1 Qd4 35. Qe7 Kh7 36. h4 h5 37. Bf3 Qb6 38. Qe5 f6 39. Qd5 Kh6 40. Qd2+ Kh7 41. a4 Qc5 42. Qe3 Qc7 43. Qe6 Qc1 44. a5 Qb1 45. b6 Bd3 46. Qe3 axb6 47. axb6 Qf1+ 48. Kh2 Bf5 49. Bg2 1-0

[Event "XI Paracin Festival 2018"]
[Site "Paracin"]
[Date "2018.07.13"]
[Round "9"]
[White "Abramovic, Bosko"]
[Black "Ivic, Velimir"]
[Result "0-1"]
[ECO "A00"]
[WhiteElo "2409"]
[BlackElo "2432"]
[Annotator "NA RC"]
[PlyCount "76"]
[EventDate "2018.07.06"]
[EventType "swiss"]
[EventCountry "SRB"]
[SourceTitle "playchess.com"]
[Source "ChessBase"]
[SourceQuality "1"]
[TimeControl "5400+30"]

1. g3 Nf6 2. Bg2 g6 3. d4 Bg7 4. e4 d6 5. Nc3 O-O 6. Nge2 e5 7. h3 Nc6 8. Be3 exd4 9. Nxd4 Bd7 10. O-O Re8 11. Re1 Nxd4 12. Bxd4 c5 13. Be3 Bc6 14. Bf4 Re6 15. Qd2 Qb6 16. Rab1 Rae8 17. Bxd6 Nxe4 18. Nxe4 Bxe4 19. Rxe4 Rxe4 20. Bxe4 Rxe4 21. Bf4 h5 22. c3 Qe6 23. Qd3 Kh7 24. Rd1 h4 25. Qf3 hxg3 26. Bxg3 f5 27. Bf4 Qxa2 28. Qg3 Qf7 29. Bg5 Re8 30. Qd6 b6 31. Qc6 Re6 32. Qc8 f4 33. Rd7 Qf5 34. Qd8 f3 35. Bh4 Qxh3 36. Rxg7+ Kxg7 37. Qc7+ Kh6 38. Qf4+ g5 0-1

[Event "XI Paracin Festival 2018"]
[Site "Paracin"]
[Date "2018.07.13"]
[Round "9"]
[White "Djordjevic, Vuk"]
[Black "Sevgi, Volkan"]
[Result "1-0"]
[ECO "B26"]
[WhiteElo "2403"]
[BlackElo "2277"]
[Annotator "ChessBase"]
[PlyCount "169"]
[EventDate "2018.07.06"]
[EventType "swiss"]
[EventCountry "SRB"]
[SourceTitle "playchess.com"]
[Source "ChessBase"]
[SourceQuality "1"]
[TimeControl "5400+30"]

1. e4 c5 2. Nc3 Nc6 3. g3 g6 4. Bg2 Bg7 5. d3 d6 6. Nge2 e5 7. O-O Nge7 8. Bg5 f6 9. Be3 O-O 10. Qd2 Nd4 11. f4 f5 12. Rab1 a5 13. a4 Rb8 14. Nd5 Nxe2+ 15. Qxe2 Nxd5 16. exd5 Re8 17. Qd2 e4 18. dxe4 fxe4 19. c4 Bf5 20. h3 h5 21. Kh2 b6 22. Rbe1 Rb7 23. Qc2 Rbe7 24. Qb3 Bf6 25. Re2 Rg7 26. Rfe1 Rge7 27. Qc2 Qd7 28. Bc1 Kg7 29. Qb3 Qd8 30. Bd2 Kg8 31. Bc3 Rb7 32. Bxe4 Bxc3 33. Qxc3 Rbe7 34. Qf3 Bxe4 35. Rxe4 Qd7 36. Qd3 Rxe4 37. Rxe4 Rxe4 38. Qxe4 Qg7 39. Qe2 Qd4 40. Kg2 Kf8 41. h4 Qf6 42. Qc2 Kf7 43. Qc3 Qf5 44. Kf3 Qb1 45. Ke2 Qe4+ 46. Kd1 Qb1+ 47. Kd2 Qf1 48. Qd3 Qa1 49. Qb3 Qg1 50. Qd3 Qa1 51. b3 Qb2+ 52. Ke1 Qg2 53. Qe3 Qc2 54. Kf1 Qd1+ 55. Kf2 Qc2+ 56. Qe2 Qxb3 57. f5 gxf5 58. Qxh5+ Kg7 59. Qg5+ Kh8 60. Qh6+ Kg8 61. Qg6+ Kh8 62. Qf6+ Kg8 63. Qxf5 Qxc4 64. Qe6+ Kg7 65. Qe7+ Kg8 66. Qxd6 Qc2+ 67. Kf3 Qd3+ 68. Kf4 Qd4+ 69. Kf5 Qd3+ 70. Kg5 Qd2+ 71. Kg6 Qd3+ 72. Kf6 Qf3+ 73. Qf4 Qc3+ 74. Ke6 Qb3 75. Qg5+ Kh7 76. Kf6 Qc3+ 77. Qe5 Qf3+ 78. Qf5+ Qxf5+ 79. Kxf5 Kg7 80. Ke4 b5 81. axb5 a4 82. b6 a3 83. b7 a2 84. b8=Q a1=Q 85. Qe5+ 1-0

[Event "XI Paracin Festival 2018"]
[Site "Paracin"]
[Date "2018.07.13"]
[Round "9"]
[White "Rahul Srivatshav P"]
[Black "Gomes, Mary Ann"]
[Result "0-1"]
[ECO "E43"]
[WhiteElo "2397"]
[BlackElo "2284"]
[Annotator "NA"]
[PlyCount "72"]
[EventDate "2018.07.06"]
[EventType "swiss"]
[EventCountry "SRB"]
[SourceTitle "playchess.com"]
[Source "ChessBase"]
[SourceQuality "1"]
[TimeControl "5400+30"]

1. d4 Nf6 2. c4 e6 3. Nc3 Bb4 4. e3 b6 $11 {[%emt 0:00:06] LiveBook: 3744 Partien} 5. Bd2 Bb7 6. Nf3 Bxc3 7. Bxc3 Ne4 8. Qc2 O-O 9. Bd3 f5 10. O-O-O Qe7 11. Ne1 c5 12. dxc5 Nxc3 13. Qxc3 Na6 14. cxb6 axb6 15. Kb1 Nb4 16. a3 Nxd3 17. Nxd3 Bxg2 18. Rhg1 Be4 19. Ka2 Rfc8 20. Nf4 Bf3 21. Rd2 b5 22. c5 e5 23. Nd3 d6 24. Qb3+ Kh8 25. Ne1 Bh5 26. cxd6 Qd7 27. Kb1 Bf7 28. Qd3 b4 29. Rc2 Qe6 30. Kc1 Rd8 31. Qb5 bxa3 32. bxa3 Rxa3 33. Nf3 Ra1+ 34. Kd2 Rxg1 35. Qxe5 Rxd6+ 36. Ke2 Qc4+ 0-1

[Event "XI Paracin Festival 2018"]
[Site "Paracin"]
[Date "2018.07.13"]
[Round "9"]
[White "Peng, Shunkai"]
[Black "Colovic, Dusan"]
[Result "1-0"]
[ECO "C65"]
[WhiteElo "2390"]
[BlackElo "2279"]
[Annotator "NA"]
[PlyCount "125"]
[EventDate "2018.07.06"]
[EventType "swiss"]
[EventCountry "SRB"]
[SourceTitle "playchess.com"]
[Source "ChessBase"]
[SourceQuality "1"]
[TimeControl "5400+30"]

1. e4 e5 2. Nf3 Nc6 3. Bb5 Nf6 4. d3 Bc5 $14 {[%emt 0:00:14] LiveBook: 2804 Games} 5. Bxc6 dxc6 6. Qe2 Qe7 7. Nbd2 Rg8 8. c3 g5 9. Nc4 Nd7 10. h3 f6 11. Be3 Bd6 12. O-O-O Nf8 13. g4 Be6 14. d4 Ng6 15. Kb1 Qf7 16. Nxd6+ cxd6 17. b3 O-O-O 18. dxe5 dxe5 19. Kb2 b6 20. Rhe1 Kb7 21. Nh2 a5 22. Nf1 Nf4 23. Bxf4 gxf4 24. Rd3 Rxd3 25. Qxd3 Qd7 26. Qxd7+ Bxd7 27. Kc2 h5 28. f3 hxg4 29. hxg4 Rh8 30. Kd2 a4 31. Ke2 axb3 32. axb3 Be6 33. Rb1 b5 34. Rb2 c5 35. Rb1 c4 36. b4 Ra8 37. Rb2 Ra1 38. Rc2 Kc7 39. Kf2 Kd6 40. Kg2 Ke7 41. Nh2 Kf7 42. Nf1 Kg6 43. Nh2 Kg5 44. Nf1 Rd1 45. Kf2 Rd3 46. Rc1 Bc8 47. Kg2 Kh4 48. Rc2 Bxg4 49. fxg4 f3+ 50. Kf2 Kxg4 51. Rd2 Kf4 52. Rxd3 cxd3 53. Nd2 f5 54. exf5 e4 55. Nf1 d2 56. Ne3 Kg5 57. Nd1 Kxf5 58. Ke3 Ke5 59. Kxd2 Kf4 60. Ne3 Kg3 61. Ke1 Kh3 62. Kf2 Kh4 63. c4 1-0

[Event "XI Paracin Festival 2018"]
[Site "Paracin"]
[Date "2018.07.13"]
[Round "9"]
[White "Tomic, Aleksandar"]
[Black "Atalik, Suat"]
[Result "1/2-1/2"]
[ECO "D30"]
[WhiteElo "2347"]
[BlackElo "2509"]
[Annotator "RC"]
[PlyCount "144"]
[EventDate "2018.07.06"]
[EventType "swiss"]
[EventCountry "SRB"]
[SourceTitle "playchess.com"]
[Source "ChessBase"]
[SourceQuality "1"]
[TimeControl "5400+30"]

1. d4 d5 2. c4 e6 3. Nf3 c6 4. Qc2 Nf6 5. g3 dxc4 6. Qxc4 b5 7. Qc2 Bb7 8. Bg2 Nbd7 9. Nc3 c5 10. O-O b4 11. Na4 Rc8 12. Nxc5 Nxc5 13. dxc5 Bxc5 14. Qa4+ Bc6 15. Qa6 O-O 16. Bg5 Qb6 17. Qxb6 axb6 18. Bxf6 gxf6 19. Rfd1 Rfd8 20. Ne1 Bb5 21. Kf1 Bd4 22. Rab1 f5 23. Bb7 Rc7 24. Bg2 Rcd7 25. Nc2 Bc5 26. Rxd7 Rxd7 27. Ke1 Rc7 28. f4 Kg7 29. Bf3 f6 30. Rd1 e5 31. e3 Be7 32. Rd2 Bc4 33. b3 Be6 34. Kd1 Rc3 35. Bd5 Kf7 36. Bxe6+ Kxe6 37. Ke1 h5 38. h4 Rc7 39. Kf2 Bd6 40. Ne1 Rc1 41. Rc2 Ra1 42. Rd2 Ke7 43. Nf3 Rc1 44. Ne1 Bc5 45. Ng2 Ke6 46. Ke2 b5 47. Kf2 Bb6 48. Ke2 Rc3 49. Kf2 Bc5 50. Ke2 Ba7 51. Kf2 Ke7 52. Ke2 Bb6 53. Rd5 Rc2+ 54. Kf1 exf4 55. Nxf4 Bxe3 56. Rxf5 Bxf4 57. Rxf4 Rxa2 58. Rxb4 f5 59. Rxb5 Kf6 60. Rc5 Rb2 61. Rc3 Ke5 62. Ke1 Ke4 63. Kd1 Rg2 64. Kc1 Kd4 65. Rf3 Ke4 66. Rf4+ Ke5 67. Rf3 Ke4 68. Rc3 Kd4 69. Rf3 Ke4 70. Rc3 Kd4 71. Rf3 Ke4 72. Rc3 Ke5 1/2-1/2

[Event "XI Paracin Festival 2018"]
[Site "Paracin"]
[Date "2018.07.13"]
[Round "9"]
[White "Sylvan, Jacob"]
[Black "Popovic, Aleksandar M"]
[Result "1-0"]
[ECO "B06"]
[WhiteElo "2332"]
[BlackElo "2264"]
[Annotator "NA"]
[PlyCount "104"]
[EventDate "2018.07.06"]
[EventType "swiss"]
[EventCountry "SRB"]
[SourceTitle "playchess.com"]
[Source "ChessBase"]
[SourceQuality "1"]
[TimeControl "5400+30"]

1. e4 g6 2. d4 Bg7 3. Nc3 d6 4. f4 a6 5. Nf3 b5 6. Bd3 Nd7 7. e5 Bb7 8. Be4 Bxe4 9. Nxe4 Nh6 10. Nfg5 d5 11. e6 Nf8 12. exf7+ Nxf7 13. Nxf7 Kxf7 14. Ng5+ Kg8 15. O-O Qd6 16. Qd3 Ne6 17. Nf3 c5 18. dxc5 Nxc5 19. Qe2 Rf8 20. c3 h6 21. Be3 Kh7 22. g3 Ne4 23. Rad1 e6 24. Bd4 Bxd4+ 25. Rxd4 Qb6 26. Kg2 Rf6 27. Ne5 Qc7 28. Rfd1 Nc5 29. b4 Na4 30. Ng4 Rhf8 31. Nxf6+ Rxf6 32. R1d3 a5 33. Qe5 Qd8 34. bxa5 Nc5 35. Rd1 Rf5 36. Qe2 Qxa5 37. Rb4 Ne4 38. Rxb5 Qxc3 39. Qb2 g5 40. Rb7+ Kg6 41. Qxc3 Nxc3 42. Rd3 Ne4 43. Rf3 d4 44. Rb6 Nc5 45. a4 d3 46. Rd6 gxf4 47. Rxf4 Re5 48. Kf3 Re2 49. Rxd3 Rxh2 50. Rc3 Nd7 51. Re3 e5 52. Rg4+ Kf5 {[%emt 0:01:03] Ke4+} 1-0

[Event "XI Paracin Festival 2018"]
[Site "Paracin"]
[Date "2018.07.13"]
[Round "9"]
[White "Becker, Marcel"]
[Black "Popovic, Milan S"]
[Result "0-1"]
[ECO "E70"]
[WhiteElo "2330"]
[BlackElo "2264"]
[Annotator "NA"]
[PlyCount "64"]
[EventDate "2018.07.06"]
[EventType "swiss"]
[EventCountry "SRB"]
[SourceTitle "playchess.com"]
[Source "ChessBase"]
[SourceQuality "1"]
[TimeControl "5400+30"]

1. d4 Nf6 2. c4 g6 3. Nc3 Bg7 4. e4 O-O $14 {[%emt 0:00:00] LiveBook: 4729 Games} 5. Be2 c6 6. e5 Ne8 7. Nf3 d6 8. Bf4 Bg4 9. Ng5 Bc8 10. e6 Bxe6 11. Nxe6 fxe6 12. Be3 Nd7 13. h4 c5 14. d5 exd5 15. Qxd5+ Rf7 16. h5 Nf8 17. hxg6 hxg6 18. Qd2 Qa5 19. Bd3 e6 20. O-O-O Bd4 21. Qc2 Bxe3+ 22. fxe3 Kg7 23. Rh3 Qd8 24. Rdh1 Qg5 25. Ne4 Qe5 26. Nd2 Nf6 27. Kb1 Ng4 28. Bxg6 Rf2 29. Qe4 Rxd2 30. Rh7+ Nxh7 31. Rxh7+ Kg8 32. Bf7+ Kf8 0-1

[Event "XI Paracin Festival 2018"]
[Site "Paracin"]
[Date "2018.07.13"]
[Round "9"]
[White "Marjanovic, Annamaria"]
[Black "Cvetkovic, Srdjan"]
[Result "1/2-1/2"]
[ECO "A14"]
[WhiteElo "2325"]
[BlackElo "2262"]
[Annotator "NA"]
[PlyCount "88"]
[EventDate "2018.07.06"]
[EventType "swiss"]
[EventCountry "SRB"]
[SourceTitle "playchess.com"]
[Source "ChessBase"]
[SourceQuality "1"]
[TimeControl "5400+30"]

1. c4 e6 2. g3 d5 3. Nf3 Nf6 4. Bg2 Be7 5. O-O O-O 6. b3 c5 7. cxd5 Nxd5 8. Bb2 Nc6 9. d4 cxd4 10. Nxd4 Bd7 11. e4 Ndb4 12. Na3 Nxd4 13. Qxd4 e5 14. Qe3 f6 15. Rfd1 Qe8 16. Bf1 Be6 17. Rd2 Nc6 18. Nb5 Bb4 19. Rc2 Qe7 20. Bc4 Bxc4 21. Rxc4 a6 22. Nc3 Bxc3 23. Bxc3 Rfd8 24. a4 Rd7 25. b4 Rad8 26. b5 Nd4 27. Bxd4 Rxd4 28. Rac1 h6 29. Kg2 axb5 30. axb5 Qd7 31. Qb3 Qf7 32. R1c3 Rxc4 33. Rxc4 Kh7 34. Qc3 Qd7 35. Qb3 Qe6 36. Qb4 Qb6 37. Qc5 Qxc5 38. Rxc5 Rd4 39. Rc7 Rxe4 40. Rxb7 Rb4 41. b6 h5 42. Rb8 Kg6 43. Kf3 Kf5 44. h3 g5 {[%emt 0:00:34] Ke4+} 1/2-1/2

[Event "XI Paracin Festival 2018"]
[Site "Paracin"]
[Date "2018.07.13"]
[Round "9"]
[White "Kathmale, Sameer"]
[Black "Matovic, Mihajlo Z"]
[Result "1-0"]
[ECO "B90"]
[WhiteElo "2323"]
[BlackElo "2256"]
[Annotator "NA"]
[PlyCount "99"]
[EventDate "2018.07.06"]
[EventType "swiss"]
[EventCountry "SRB"]
[SourceTitle "playchess.com"]
[Source "ChessBase"]
[SourceQuality "1"]
[TimeControl "5400+30"]

1. e4 c5 2. Nf3 d6 3. d4 Nf6 4. Nc3 cxd4 5. Nxd4 a6 6. h3 e5 7. Nb3 h5 8. Bg5 Nbd7 9. Qe2 Be7 10. f4 b5 11. a3 Bb7 12. O-O-O Qc7 13. Kb1 Rc8 14. Rh2 Qb8 15. Nd5 Nxd5 16. exd5 Bxg5 17. fxg5 Nb6 18. g4 Nxd5 19. gxh5 Nf4 20. Qg4 Rxh5 21. Na5 Rd8 22. Rhd2 Be4 23. Re1 Qa8 24. Rf2 Rh8 25. Rxf4 exf4 26. Qxf4 d5 27. g6 fxg6 28. Bd3 Rf8 29. Qe5+ Kf7 30. Qc7+ Kg8 31. Nc6 Rde8 32. Ne7+ Kh7 33. Nxg6 Rf6 34. Ne5 Rfe6 35. Nf7 R6e7 36. Qf4 Qc6 37. Bxe4+ dxe4 38. Nd6 e3 39. Nxe8 Qxe8 40. Re2 Re4 41. Qf5+ Qg6 42. Qxg6+ Kxg6 43. Kc1 Kf5 44. Kd1 Kf4 45. Rg2 g5 46. Ke2 Kf5 47. Rg3 b4 48. Rf3+ Rf4 49. Kxe3 bxa3 50. bxa3 1-0

[Event "XI Paracin Festival 2018"]
[Site "Paracin"]
[Date "2018.07.13"]
[Round "9"]
[White "Milosevic, Milos"]
[Black "Gukesh D"]
[Result "1/2-1/2"]
[ECO "B24"]
[WhiteElo "2315"]
[BlackElo "2433"]
[Annotator "NA RC"]
[PlyCount "51"]
[EventDate "2018.07.06"]
[EventType "swiss"]
[EventCountry "SRB"]
[SourceTitle "playchess.com"]
[Source "ChessBase"]
[SourceQuality "1"]
[TimeControl "5400+30"]

1. e4 c5 2. Nc3 Nc6 3. Bb5 Nd4 4. Bc4 e6 5. Nf3 Nf6 6. O-O Qc7 7. h3 a6 8. d3 b5 9. Bb3 Nxb3 10. axb3 Bb7 11. e5 Nd5 12. Ne4 f5 13. exf6 Nxf6 14. Nfg5 Qc6 15. Nxf6+ gxf6 16. Qh5+ Kd8 17. Nf7+ Ke7 18. f3 Rg8 19. Bf4 Qd5 20. Bd6+ Ke8 21. Ne5+ Kd8 22. Nf7+ Ke8 23. Ne5+ Kd8 24. Nf7+ Kc8 25. Qxd5 Bxd5 26. c4 1/2-1/2

[Event "XI Paracin Festival 2018"]
[Site "Paracin"]
[Date "2018.07.13"]
[Round "9"]
[White "Sredojevic, Ivan"]
[Black "Radovic, Luka"]
[Result "1/2-1/2"]
[ECO "D14"]
[WhiteElo "2298"]
[BlackElo "2344"]
[Annotator "NA"]
[PlyCount "40"]
[EventDate "2018.07.06"]
[EventType "swiss"]
[EventCountry "SRB"]
[SourceTitle "playchess.com"]
[Source "ChessBase"]
[SourceQuality "1"]
[TimeControl "5400+30"]

1. Nf3 Nf6 2. c4 c6 3. Nc3 d5 4. cxd5 cxd5 5. d4 Nc6 6. Bf4 Bf5 7. e3 e6 8. Bd3 Bxd3 9. Qxd3 $11 {[%emt 0:00:01] LiveBook: 2635 Games} Bd6 10. Bxd6 Qxd6 11. O-O O-O 12. Rfc1 Rfc8 13. a3 a6 14. Rc2 Rc7 15. Rac1 Rac8 16. Ne2 Ne7 17. Rxc7 Rxc7 18. Rxc7 Qxc7 19. Qc3 Qxc3 20. Nxc3 Nc6 1/2-1/2

[Event "XI Paracin Festival 2018"]
[Site "Paracin"]
[Date "2018.07.13"]
[Round "9"]
[White "Cerovic, Danilo"]
[Black "McPhillips, Joseph"]
[Result "0-1"]
[ECO "C11"]
[WhiteElo "2294"]
[BlackElo "2402"]
[Annotator "NA"]
[PlyCount "52"]
[EventDate "2018.07.06"]
[EventType "swiss"]
[EventCountry "SRB"]
[SourceTitle "playchess.com"]
[Source "ChessBase"]
[SourceQuality "1"]
[TimeControl "5400+30"]

1. e4 e6 2. d4 d5 3. Nc3 Nf6 4. Bg5 dxe4 5. Nxe4 Be7 6. Bxf6 gxf6 7. Qd2 f5 8. Nc3 Qd6 9. g3 h5 10. O-O-O a6 11. Nge2 h4 12. Bg2 Nd7 13. d5 e5 14. f4 e4 15. Nd4 Nb6 16. Qe2 h3 17. Bxe4 fxe4 18. Nxe4 Qh6 19. d6 cxd6 20. Nf5 Bxf5 21. Nxd6+ Kf8 22. Nxf5 Qe6 23. Qg4 Bf6 24. Rd6 Qxa2 25. Rxf6 Rh7 26. Nd6 Qa1+ 0-1